[Event "Late-Titled-Tuesday-Blitz-April-02-2024"]
[Site "Chess.com"]
[Date "2024.04.02"]
[Round "3"]
[White "GoltsevDmitry2000"]
[Black "ATM622"]
[Result "0-1"]
[WhiteElo "2791"]
[BlackElo "2538"]
[TimeControl "180+1"]
[EndTime "14:27:40 PDT"]
[Termination "ATM622 won on time"]

1. d4 Nf6 2. Nc3 d5 3. Bf4 e6 4. e3 Bb4 5. Bd3 O-O 6. Ne2 c5 7. dxc5 Bxc5 8. h4 Nc6 9. Ng3 e5 10. Bg5 Be6 11. a3 e4 12. Be2 Be7 13. Nb5 Qb6 14. Bf4 Rac8 15. h5 a6 16. Nc3 Rfd8 17.
h6 d4 18. exd4 Nxd4 19. Qc1 Nxe2 20. Ncxe2 Ng4 21. O-O g6 22. c3 f5 23. Qe1 g5 24.
Bc1 Rf8 25. Nd4 Bd7 26. f3 Nxh6 27. fxe4 f4 28. Nf5 Nxf5 29. e5 Nxd4 30. cxd4 Qxd4+ 31. Kh1 Bf5 32. Bd2 Qe4 33. Qf2 Bc5 34. Qe1 Qxe1 35.
Raxe1 Rfe8 36. Bc3 Bxa3 37. g3 Bc5 38. gxf4 gxf4 39.
Rxf4 Bg6 40. Ref1 Re6 41. Kg2 Rce8 42. Kg3 Bb6 43. R4f3 Bc7 44. Bd2 Bxe5+ 45. Kh3 Bg7 46. Bg5 Re4 47. Bc1 R8e5 48. Rb3 Rh5+ 49. Kg2 Rg4+ 50.
Kf3 Rc4 51. Rxb7 Be4+ 52. Kg4 Bxb7+ 53. Kxh5 h6 54. Bxh6 Rc5+ 55. Kg6 Be4+ 0-1

[Event "Late-Titled-Tuesday-Blitz-April-02-2024"]
[Site "Chess.com"]
[Date "2024.04.02"]
[Round "3"]
[White "WilsonPalencia21"]
[Black "Kirill_Klukin"]
[Result "1-0"]
[WhiteElo "2574"]
[BlackElo "2794"]
[TimeControl "180+1"]
[EndTime "14:27:41 PDT"]
[Termination "WilsonPalencia21 won by resignation"]

1. d4 d5 2. c4 e6 3. Nf3 a6 4. cxd5 exd5 5. Nc3 c6 6. Bg5 Nf6 7. e3 Bd6 8. Bd3 h6 9. Bf4 O-O 10. O-O Be6 11. Qd2 Qc7 12. Na4 Nbd7 13. b4 Bxf4 14.
exf4 Ne4 15. Qe3 Rfe8 16. Nc5 Bf5 17. Nxd7 Bxd7 18. Rfe1 Nd6 19. Qd2 Bf5 20. Bf1 b5 21. Rxe8+ Rxe8 22. Re1 Ra8 23. Rc1 Nc4 24. Bxc4 dxc4 25.
Re1 a5 26. a3 axb4 27. axb4 Qd6 28. h3 Be6 29. Re5 Bd5 30. Nh4 Be6 31. f5 Bd5 32.
Qe3 Ra1+ 33. Kh2 f6 34. Qg3 fxe5 35. dxe5 Qd7 36. f6 Be4 37. f3 Bh7 38. e6 Rh1+ 39.
Kxh1 Qd1+ 40. Kh2 g5 41. Qb8+ 1-0

[Event "Late-Titled-Tuesday-Blitz-April-02-2024"]
[Site "Chess.com"]
[Date "2024.04.02"]
[Round "3"]
[White "dedpihto_v_kozhanom_palto"]
[Black "FairChess_on_YouTube"]
[Result "0-1"]
[WhiteElo "2714"]
[BlackElo "3056"]
[TimeControl "180+1"]
[EndTime "14:27:42 PDT"]
[Termination "FairChess_on_YouTube won by resignation"]

1. c4 e6 2. Nc3 d5 3. cxd5 exd5 4. d4 c6 5. Nf3 Nf6 6. Qc2 Be7 7. Bg5 h6 8. Bh4 Nbd7 9. e3 O-O 10. Bd3 Re8 11.
O-O Ne4 12. Bxe7 Qxe7 13. Bxe4 dxe4 14. Nd2 Nf6 15. Rab1 Bf5 16. b4 Rac8 17. Nc4 Qe6 18. Ne2 Nd5 19. Qb3 h5 20. Rbc1 h4 21. Nf4 Qh6 22.
h3 Nxf4 23. exf4 Qxf4 24. Qe3 Qc7 25. Qg5 Be6 26. Qxh4 Rcd8 27. Rfd1 Bxc4 28. Rxc4 e3 29. fxe3 Rxe3 30. d5 Qe7 31. Qxe7 Rxe7 32. Rcd4 Red7 33. d6 Re8 34. Kh2 Re6 35. R4d3 Kf8 36. a3 Ke8 37. R1d2 Kd8 38. g4 g5 39. Kg3 f6 40. h4 gxh4+ 41. Kxh4 Rh7+ 42. Kg3 Kd7 43. Kf4 Rh1 44. Kf5 Rf1+ 45.
Kg6 f5+ 46. Kg5 fxg4 47. Rh2 Rf7 48. Rh8 Rg7+ 49. Kh4 Rxd6 50. Rxd6+ Kxd6 51. Kg3 Kd5 52. Rh1 Kc4 53. Rb1 a6 54. a4 b5 55. axb5 axb5 56. Rb2 Kc3 57. Rb1 Kc2 58. Rf1 Rg6 59. Rf4 Kc3 60.
Re4 Rd6 61. Rxg4 Rd4 62. Rg6 Rc4 63. Kf3 Kxb4 64. Ke2 Kc3 65. Kd1 Kb3 66. Rg3+ Rc3 67. Rg8 b4 68. Ra8 c5 69. Kd2 Kb2 70. Rb8 b3 71.
Kd1 Rc2 72. Rb5 c4 0-1

[Event "Late-Titled-Tuesday-Blitz-April-02-2024"]
[Site "Chess.com"]
[Date "2024.04.02"]
[Round "3"]
[White "VanRommel28"]
[Black "GMKrikor"]
[Result "0-1"]
[WhiteElo "2565"]
[BlackElo "2880"]
[TimeControl "180+1"]
[EndTime "14:27:42 PDT"]
[Termination "GMKrikor won by resignation"]

1. d4 Nf6 2. Nf3 g6 3. Nc3 d5 4. Bf4 a6 5. e3 Bg4 6. Be2 Bg7 7. Ne5 Bxe2 8. Qxe2 Nbd7 9. h4 e6 10. g4 h5 11. g5 Ng8 12. O-O-O Ne7 13. f3 O-O 14. e4 c6 15. Rhf1 Rc8 16. Nxd7 Qxd7 17. Na4 b5 18. Nb6 Qb7 19. Nxc8 Nxc8 20. Be5 Nb6 21.
Bxg7 Kxg7 22. exd5 cxd5 23. f4 Rc8 24. Rf3 b4 25.
Kb1 Nc4 26. Qd3 a5 27. Qb3 Qb5 28. a4 Qc6 29. Rfd3 Qd6 30. Rf3 Qc6 31. Rfd3 Rb8 32. Rf3 Nb6 33. Qe3 Rc8 34. Rd2 Nc4 35. Qe2 Nxd2+ 36.
Qxd2 Qxa4 37. Qe2 Qc6 38. Qe5+ Kg8 39. Rf2 a4 40. f5 exf5 41. Re2 b3 42. c3 a3 43. Qe7 axb2 44. Re3 Qa4 45. Kxb2 Qa2+ 0-1

[Event "Late-Titled-Tuesday-Blitz-April-02-2024"]
[Site "Chess.com"]
[Date "2024.04.02"]
[Round "3"]
[White "AjedrezenMadrid"]
[Black "chess_sharparchitect"]
[Result "1-0"]
[WhiteElo "2580"]
[BlackElo "2286"]
[TimeControl "180+1"]
[EndTime "14:27:42 PDT"]
[Termination "AjedrezenMadrid won on time"]

1. Nf3 d5 2. b3 Nf6 3. Bb2 e6 4. g3 c5 5. Bg2 Nc6 6. O-O Bd6 7. c4 d4 8. e3 e5 9. exd4 exd4 10. Re1+ Be6 11.
Ng5 Qd7 12. Bh3 Nd8 13. f4 O-O 14. Nxe6 Nxe6 15. d3 Rae8 16. Nd2 Qc7 17. Qf3 a6 18. Re2 b5 19. Rae1 Nd8 20. cxb5 axb5 21. a4 bxa4 22. bxa4 Nc6 23. Nc4 Nb4 24. Rxe8 Rxe8 25. Rxe8+ Nxe8 26. Qa8 Qb8 27. Qe4 Nf6 28. Qf5 Be7 29. a5 g6 30. Qc8+ Qxc8 31. Bxc8 Nfd5 32. Bb7 Nc7 33.
Ba3 Nba6 34. Ne5 f6 35. Nc6 Kf7 36. h4 Bd6 37. h5 gxh5 38. Kg2 Ke6 39. Kh3 Kd7 40.
Kh4 Nb4 41. Bxb4 cxb4 42. Nxd4 Bc5 43. Nb3 Bf2 44. Be4 Nb5 45. Bxh7 Nc3 46. Bg6 Kc6 47. Bxh5 Kb5 48. Be8+ Ka6 49. Kg4 Nd5 50. Kf3 Be1 51. g4 Nc7 52. Bc6 Bc3 53. g5 fxg5 54. fxg5 Ne6 55.
Kg4 Nd4 56. Bd5 Nxb3 57. Bxb3 Kxa5 58. g6 Kb5 59. Kf5 Kc5 60. Ke4 Bg7 61. Kf5 Kd4 62. Bc4 Kc3 63. Ke6 b3 64. Bxb3 Kxb3 65. Kf7 Kc3 66. Kxg7 Kxd3 67. Kf7 1-0

[Event "Late-Titled-Tuesday-Blitz-April-02-2024"]
[Site "Chess.com"]
[Date "2024.04.02"]
[Round "3"]
[White "Zhigalko_Sergei"]
[Black "PotapovaM"]
[Result "1-0"]
[WhiteElo "2874"]
[BlackElo "2539"]
[TimeControl "180+1"]
[EndTime "14:27:43 PDT"]
[Termination "Zhigalko_Sergei won on time"]

1. e4 c6 2. d4 d5 3. e5 Bf5 4.
Nf3 e6 5. Be2 Nd7 6. O-O Ne7 7.
Nbd2 h6 8. a4 Qc7 9. a5 g5 10.
Nb3 Bg7 11. Bd2 f6 12. exf6 Bxf6 13. Bb4 O-O 14. Bd3 Rf7 15. Re1 Bg4 16. Be2 Ng6 17. h3 Bf5 18. Nh2 Nf4 19. Ng4 Bg7 20. Bf1 h5 21.
Ne3 Be4 22. Nd2 Nxh3+ 23. gxh3 Rxf2 24. Kxf2 Qh2+ 25. Bg2 Bxg2 26. Nxg2 Bxd4+ 27. Ke2 Qxg2+ 28. Kd3 c5 29. c3 Bg7 30. Ba3 Qxh3+ 31. Qf3 Ne5+ 32.
Rxe5 Qxf3+ 33. Nxf3 g4 34. Bxc5 gxf3 35. Rxe6 Kh7 36. Rf1 Rc8 37. Bd4 1-0

[Event "Late-Titled-Tuesday-Blitz-April-02-2024"]
[Site "Chess.com"]
[Date "2024.04.02"]
[Round "3"]
[White "DreamsAreFake"]
[Black "Grischuk"]
[Result "0-1"]
[WhiteElo "2744"]
[BlackElo "3076"]
[TimeControl "180+1"]
[EndTime "14:27:47 PDT"]
[Termination "Grischuk won by resignation"]

1. Nf3 d5 2. g3 c6 3. Bg2 Bg4 4. O-O Nf6 5. d3 e6 6. h3 Bh5 7. Nbd2 Be7 8. e4 O-O 9. Qe2 a5 10. c3 a4 11. Rd1 Na6 12. Nf1 Qa5 13. g4 Bg6 14. Ne5 Rfd8 15. Ng3 dxe4 16. Nxg6 hxg6 17.
Nxe4 Nxe4 18. Bxe4 Qb5 19. Bf3 Bg5 20. Be3 Bxe3 21.
fxe3 Nc7 22. d4 Qg5 23. a3 Nd5 24. Re1 e5 25. Bxd5 Rxd5 26. Qg2 Re8 27. Rad1 Rd7 28. d5 cxd5 29. Rxd5 Rxd5 30. Qxd5 Rd8 31. Qf3 f5 32. Kg2 Rd2+ 33. Re2 e4 34. Qf1 Rd3 35. Qf4 Qxf4 36.
exf4 Kf7 37. h4 Ke6 38. h5 gxh5 39. gxh5 Rf3 40. Rd2 Rxf4 41. Rd4 Rg4+ 42. Kf2 Ke5 43. Rb4 Kf4 44. Rxb7 e3+ 45. Ke2 Rg2+ 46. Kd3 Rd2+ 47. Kc4 e2 48. Re7 Kf3 49. b4 axb3 50. Kxb3 Rd1 0-1

[Event "Late-Titled-Tuesday-Blitz-April-02-2024"]
[Site "Chess.com"]
[Date "2024.04.02"]
[Round "3"]
[White "keepitcoming"]
[Black "maracayo"]
[Result "0-1"]
[WhiteElo "2225"]
[BlackElo "2405"]
[TimeControl "180+1"]
[EndTime "14:27:50 PDT"]
[Termination "maracayo won on time"]

1. d4 Nf6 2. c4 d6 3. Nc3 e5 4.
e3 Be7 5. Nf3 Nbd7 6. g3 O-O 7.
Bg2 c6 8. O-O e4 9. Nd2 d5 10.
cxd5 cxd5 11. f3 exf3 12. Nxf3 Bb4 13. Qd3 Re8 14. a3 Bxc3 15. bxc3 b6 16. a4 a5 17.
Re1 Ba6 18. Qc2 Rc8 19. Ba3 Ne4 20. Bb2 h6 21. Nd2 Ndf6 22. Rac1 Qd7 23. Rf1 Bxf1 24. Rxf1 Nxd2 25. Qxd2 Ne4 26. Qd3 Qxa4 27. Rf4 Qc4 28. Qb1 Nxc3 29. Bxc3 Qxc3 30. Bxd5 Qc1+ 31. Qxc1 Rxc1+ 32. Kg2 Re7 33. Rf2 Rb1 34. Ba2 Rb4 35. Kf3 a4 36. Bd5 a3 37. Rc2 g6 38. Rc8+ Kg7 39.
Ra8 Rb5 40. Be4 Ra5 41. Rb8 a2 42. Rxb6 a1=Q 43. Rb1 Qc3 44. Rd1 Rxe4 45. Rd3 Qxd3 0-1

[Event "Late-Titled-Tuesday-Blitz-April-02-2024"]
[Site "Chess.com"]
[Date "2024.04.02"]
[Round "3"]
[White "LeninGuerra"]
[Black "CatLoverPL"]
[Result "0-1"]
[WhiteElo "2712"]
[BlackElo "2509"]
[TimeControl "180+1"]
[EndTime "14:27:51 PDT"]
[Termination "CatLoverPL won by checkmate"]

1. e4 g6 2. d4 Bg7 3. Nf3 c5 4. dxc5 Qa5+ 5. c3 Qxc5 6. Bd3 Nf6 7. O-O O-O 8. Be3 Qa5 9. Na3 Nc6 10. Qd2 d6 11. h3 Be6 12. Bh6 Rfd8 13. Nc2 d5 14. e5 Nd7 15. Bxg7 Kxg7 16. Rfe1 Qc7 17. Qf4 Nc5 18.
Bf1 Bf5 19. Ncd4 Be4 20. Ng5 Nxe5 21. Qg3 h6 22. f4 hxg5 23. fxe5 Qb6 24. Qxg5 Ne6 25.
Qd2 Nxd4 26. cxd4 Rac8 27. Rac1 Qe6 28. Rc3 Rc6 29. Rec1 Rdc8 30. Qg5 Rxc3 31. bxc3 Qd7 32. Be2 Rc7 33. h4 Qf5 34. Qxf5 Bxf5 35. Kf2 Rc6 36. g4 Be4 37. Ke3 Rb6 38. c4 e6 39. c5 Rb2 40. a4 Rb3+ 41. Kf2 Ra3 42. Bb5 Rh3 43. c6 bxc6 44. Rxc6 Rxh4 45. Rc7 Rxg4 46.
Rxa7 Bf5 47. a5 Rxd4 48. Be8 Rd2+ 49. Ke3 Rd3+ 50. Kf4 Kh6 51. Rxf7 g5# 0-1

[Event "Late-Titled-Tuesday-Blitz-April-02-2024"]
[Site "Chess.com"]
[Date "2024.04.02"]
[Round "3"]
[White "Sina_Movahed"]
[Black "Koksal06"]
[Result "0-1"]
[WhiteElo "2968"]
[BlackElo "2643"]
[TimeControl "180+1"]
[EndTime "14:27:52 PDT"]
[Termination "Koksal06 won by resignation"]

1. e4 e5 2. Nf3 Nf6 3. d4 Nxe4 4. Bd3 Nc6 5. O-O d5 6. Nxe5 Nxe5 7. dxe5 Be7 8. Nc3 Nxc3 9. bxc3 O-O 10. Rb1 b6 11.
Qh5 g6 12. Qf3 Be6 13. Bh6 Re8 14. Bb5 Bd7 15. Qxd5 Bxb5 16. Qxb5 Bc5 17. Bf4 Qh4 18. Bg3 Qe4 19. Qd3 Qa4 20. Rfe1 Qxa2 21. h3 a5 22. Bh4 Qe6 23. Bf6 a4 24. Re4 a3 25.
Rh4 Be7 26. Bxe7 Rxe7 27. Re4 a2 28. Ra1 Rd7 29. Rd4 Rxd4 30. cxd4 Qd5 31. c4 Qa5 32.
Qc2 Qa3 33. d5 Qa4 34. Qd3 Qb4 35. Qc2 Qa4 36. Qc3 Qa5 37. Qd4 Qb4 38. d6 cxd6 39. exd6 Rd8 40. Rxa2 Qb1+ 41. Kh2 Qxa2 42. Qf6 Qa8 43. Qe7 Qc8 0-1

[Event "Late-Titled-Tuesday-Blitz-April-02-2024"]
[Site "Chess.com"]
[Date "2024.04.02"]
[Round "3"]
[White "EsmeraldasAnderson03"]
[Black "alexrustemov"]
[Result "0-1"]
[WhiteElo "2538"]
[BlackElo "2874"]
[TimeControl "180+1"]
[EndTime "14:27:53 PDT"]
[Termination "alexrustemov won by resignation"]

1. d4 g6 2. e4 Bg7 3. Nf3 d6 4. Be2 Nf6 5. Nc3 O-O 6. O-O Bg4 7. h3 Bxf3 8. Bxf3 Nc6 9. e5 Nd7 10. exd6 exd6 11. d5 Nce5 12. Be2 f5 13. f4 Nf7 14. Be3 a6 15. a4 Re8 16. Bd4 Bxd4+ 17. Qxd4 Qf6 18. Qxf6 Nxf6 19. Bf3 Re7 20. Kf2 a5 21.
Rfe1 Kf8 22. Rxe7 Kxe7 23. Re1+ Kd7 24. g4 fxg4 25. hxg4 Rf8 26. Kg3 g5 27. fxg5 Nxg5 28.
Bg2 Nf7 29. Rf1 Ne5 30. g5 Nh5+ 31. Kh4 Rxf1 32. Bxf1 Nf4 33. Ne4 Nxd5 34. c4 Ne3 35. Bh3+ Ke7 36. b3 Ng6+ 37. Kg3 Nc2 38. Nf6 Nd4 39.
Nxh7 Nxb3 40. Bf5 Ne5 41. g6 Nc5 42. g7 Kf7 43. Ng5+ Kxg7 44. Kf4 Kf6 45. Nh7+ Ke7 46.
Ke3 Nxc4+ 47. Kd4 Nb6 48. Ng5 Nbxa4 49. Ne4 Nxe4 50. Bxe4 Nc5 51. Bd5 c6 52. Ba2 Kd7 0-1

[Event "Late-Titled-Tuesday-Blitz-April-02-2024"]
[Site "Chess.com"]
[Date "2024.04.02"]
[Round "3"]
[White "BogdanDeac"]
[Black "Evgeny81"]
[Result "1-0"]
[WhiteElo "3107"]
[BlackElo "2759"]
[TimeControl "180+1"]
[EndTime "14:27:54 PDT"]
[Termination "BogdanDeac won on time"]

1. e4 c5 2. Nf3 d6 3. Bb5+ Bd7 4. Bxd7+ Qxd7 5. O-O g6 6. c3 Nf6 7. Qe2 Bg7 8. d4 cxd4 9. cxd4 O-O 10. Nc3 Nc6 11.
Rd1 Rfe8 12. h3 e6 13. Bf4 a6 14. Qd3 Rad8 15. Rac1 e5 16. dxe5 dxe5 17. Qxd7 Rxd7 18. Rxd7 Nxd7 19. Be3 f5 20. Nd5 Nf6 21. Nxf6+ Bxf6 22. Kf1 Rd8 23. Ke2 Kf7 24. Nd2 f4 25. Bb6 Rd7 26. a3 Bd8 27. Bc5 Ke6 28. Nb3 Kf7 29. f3 g5 30. Nd2 h5 31. b4 Ke6 32. Nb3 Kf7 33. a4 Be7 34. b5 axb5 35. axb5 Nd8 36.
Bf2 Ne6 37. Na5 Bb4 38. Nc4 Kf6 39. Rc2 Rd8 40. Nb6 Rd6 41. Nd5+ Rxd5 42. exd5 Nf8 43. Kd3 1-0

[Event "Late-Titled-Tuesday-Blitz-April-02-2024"]
[Site "Chess.com"]
[Date "2024.04.02"]
[Round "3"]
[White "bilelou"]
[Black "Happy1712Drummer"]
[Result "1-0"]
[WhiteElo "2641"]
[BlackElo "2455"]
[TimeControl "180+1"]
[EndTime "14:27:54 PDT"]
[Termination "bilelou won on time"]

1. e4 e6 2. d4 d5 3. e5 c5 4. c3 Nc6 5. g3 Bd7 6. Ne2 Rc8 7. Bh3 Qb6 8. O-O Qa6 9. Be3 cxd4 10. cxd4 Nb4 11. Nbc3 Qd3 12. Rc1 Qxd1 13. Rfxd1 a6 14. a3 Nc6 15. Na4 Nge7 16. Nb6 Rb8 17. Nc3 Nc8 18.
Nxd7 Kxd7 19. Nxd5 Be7 20. Nf4 Ke8 21. d5 exd5 22.
Nxd5 Bd8 23. e6 fxe6 24. Bxe6 N8e7 25. Bf4 Ra8 26. Re1 Kf8 27. Bd6 h5 28. Rc4 Rh6 29. Rf4+ Ke8 30. Rfe4 Rxe6 31. Rxe6 Kd7 32. Nxe7 Nd4 33.
R6e3 Nc2 34. Bb4 Nxe3 35. Rxe3 a5 36. Nd5 axb4 37. Nxb4 Bb6 38. Rd3+ Ke6 39. Kg2 Rd8 40. Rxd8 Bxd8 41. f4 Bf6 42. Kf3 Bxb2 43. a4 Bc3 44. Na2 Bd2 45. Ke4 g6 46. Kd3 Ba5 47. Nc3 Bb6 48.
Ke4 Bg1 49. Ne2 Bxh2 50. Kf3 h4 51. gxh4 Kf5 52. Ng3+ Bxg3 53. Kxg3 b6 54. Kf3 Kf6 55. Kg4 Ke6 56. Kg5 Kf7 57. f5 gxf5 58. Kxf5 Kg7 59.
Ke5 Kh6 60. Kd5 Kh5 61. Kc6 1-0

[Event "Late-Titled-Tuesday-Blitz-April-02-2024"]
[Site "Chess.com"]
[Date "2024.04.02"]
[Round "3"]
[White "Walter_White_Poland"]
[Black "1mbl4"]
[Result "0-1"]
[WhiteElo "2442"]
[BlackElo "2625"]
[TimeControl "180+1"]
[EndTime "14:27:54 PDT"]
[Termination "1mbl4 won on time"]

1. e4 c5 2. Nf3 g6 3. c3 Bg7 4. d4 cxd4 5. cxd4 d5 6. exd5 Nf6 7. Bb5+ Bd7 8. Bc4 O-O 9. O-O Bc8 10. Nc3 Nbd7 11.
d6 exd6 12. Bg5 Nb6 13. Bb3 h6 14. Bh4 d5 15. Ne5 Be6 16. f4 Qd6 17. g4 Bd7 18. f5 g5 19. Bg3 Qe7 20. h4 Bc6 21. hxg5 hxg5 22. Qd2 Nh7 23. Rae1 Qd8 24. Qh2 Nc4 25. Re2 Nf6 26. Rd1 Re8 27. Nxc4 dxc4 28. Bxc4 Nxg4 29.
Bxf7+ Kxf7 30. Qh5+ Kg8 31. Qxg4 Rxe2 32. Qxe2 Qf6 33. Be5 Qxf5 34. Rf1 Qg6 35. Bxg7 Kxg7 36. Qe5+ Kg8 37. Rf6 Qh5 38. Qe6+ Kg7 39. Qe7+ Kg8 40.
d5 Re8 0-1

[Event "Late-Titled-Tuesday-Blitz-April-02-2024"]
[Site "Chess.com"]
[Date "2024.04.02"]
[Round "3"]
[White "Yushko_Olga"]
[Black "Supelyel"]
[Result "0-1"]
[WhiteElo "2246"]
[BlackElo "2414"]
[TimeControl "180+1"]
[EndTime "14:27:54 PDT"]
[Termination "Supelyel won by resignation"]

1. d4 d6 2. c4 Nf6 3. Nf3 Nbd7 4.
Bg5 e5 5. e3 Be7 6. Be2 c6 7. O-O O-O 8. Nc3 Re8 9. Qc2 a6 10.
Rfd1 Qc7 11. b4 b5 12. dxe5 dxe5 13. c5 a5 14. a3 a4 15. Rd2 Nf8 16. Bxf6 Bxf6 17.
Ne4 Be6 18. Nxf6+ gxf6 19. Rd6 Rad8 20. Rad1 Bb3 21. Qf5 Bxd1 22. Bxd1 Rxd6 23. cxd6 Qxd6 24. Be2 Qe6 25. Qe4 Ng6 26. h4 f5 27. Qc2 Ne7 28.
Ng5 Qb3 29. Qc5 h6 30. Nf3 Qd5 31. Qc2 e4 32. Nd4 Rc8 33. Bf1 c5 34. bxc5 Rxc5 35. Qe2 Nc6 36. Qh5 Nxd4 37. exd4 Qxd4 38. g4 Rc2 39. Qxf5 Rb2 40. Bxb5 e3 41. Be8 exf2+ 42. Kf1 Qd1+ 43. Kg2 f1=Q+ 44. Kg3 Qxf5 0-1

[Event "Late-Titled-Tuesday-Blitz-April-02-2024"]
[Site "Chess.com"]
[Date "2024.04.02"]
[Round "3"]
[White "grandcoach"]
[Black "N_I_Chess"]
[Result "1-0"]
[WhiteElo "2230"]
[BlackElo "2375"]
[TimeControl "180+1"]
[EndTime "14:27:54 PDT"]
[Termination "grandcoach won on time"]

1. e4 Nf6 2. e5 Nd5 3. d4 d6 4. Nf3 g6 5. Bc4 Nb6 6. Bb3 Bg7 7. Ng5 d5 8. f4 h6 9. Nf3 O-O 10.
O-O Na6 11. c3 Bf5 12. Na3 c5 13. Bc2 Bxc2 14. Nxc2 cxd4 15. cxd4 e6 16. g4 Rc8 17. f5 exf5 18. gxf5 gxf5 19. Ne3 Rc6 20. Nxf5 Rg6+ 21.
Kh1 Nc7 22. N3h4 Ne6 23. Be3 Nc4 24. Qe2 Nxe3 25. Qxe3 Qg5 26. Qxg5 Rxg5 27. Rad1 Re8 28. Nd6 Re7 29. Nhf5 Rc7 30. Rc1 Rxc1 31. Rxc1 Rg4 32. Rc8+ Kh7 33. Nxf7 Nxd4 34. Nxd4 Rxd4 35. e6 Re4 36.
Re8 Kg6 37. Nd6 Re1+ 38. Kg2 Bxb2 39. e7 Kg7 40. Nf5+ Kf7 41. Rf8+ 1-0

[Event "Late-Titled-Tuesday-Blitz-April-02-2024"]
[Site "Chess.com"]
[Date "2024.04.02"]
[Round "3"]
[White "HipsterChess22"]
[Black "wild3000"]
[Result "0-1"]
[WhiteElo "2176"]
[BlackElo "2380"]
[TimeControl "180+1"]
[EndTime "14:27:54 PDT"]
[Termination "wild3000 won on time"]

1. d4 Nf6 2. Nc3 d5 3. Bf4 c6 4. e3 Qa5 5. Qd2 Nbd7 6. Nf3 b5 7. Bd3 b4 8. Ne2 e6 9. h3 c5 10. dxc5 Nxc5 11. O-O Nfe4 12. Qd1 Be7 13. Ng3 O-O 14. a3 bxa3 15. Rxa3 Qb6 16. Ra2 a5 17. Nd2 Nxd2 18. Qxd2 Nxd3 19. Qxd3 Ba6 20. Qd4 Qxd4 21. exd4 Bxf1 22.
Nxf1 a4 23. c3 Rfc8 24. Bd2 Kf8 25. g3 f6 26. f4 Bd6 27. Kg2 Kf7 28. Kf3 h5 29.
Ne3 Rcb8 30. Nc2 Rb3 31. Na1 Rb5 32. Nc2 Rab8 33. Bc1 Ra8 34. Ne1 e5 35. fxe5 fxe5 36. dxe5 Bxe5 37. Nd3 Bd6 38. Ra1 a3 39. b4 a2 40. Bf4 Bxf4 41. Kxf4 Ra3 42. Ne5+ Ke6 43. c4 dxc4 0-1

[Event "Late-Titled-Tuesday-Blitz-April-02-2024"]
[Site "Chess.com"]
[Date "2024.04.02"]
[Round "3"]
[White "RaugintaBulba"]
[Black "GlavkonVVS"]
[Result "1/2-1/2"]
[WhiteElo "2428"]
[BlackElo "2610"]
[TimeControl "180+1"]
[EndTime "14:27:55 PDT"]
[Termination "Game drawn by repetition"]

1. d4 Nf6 2. c4 e6 3. Nf3 c5 4.
d5 exd5 5. cxd5 d6 6. Nc3 g6 7.
Bf4 Bg7 8. Qa4+ Bd7 9. Qb3 Qc7 10. e4 O-O 11. Be2 Re8 12. Nd2 a6 13. Nc4 Nxe4 14. Nxe4 Rxe4 15. Bxd6 Qd8 16. Qxb7 Bb5 17. Qxa8 Bxc4 18.
O-O Qxd6 19. Bxc4 Rxc4 20. Rfe1 Be5 21. g3 Kg7 22. Re2 Rb4 23. Rae1 Nd7 24. Qd8 Rb8 25.
Qh4 Bf6 26. Qc4 Rb4 27. Qc1 Rd4 28. b3 Rxd5 29. Qc2 Ne5 30. Qe4 Nd3 31. Rd1 Nb4 32. Rxd5 Qxd5 33. Qxd5 Nxd5 34. Rc2 Bd4 35. Kf1 Kf6 36. Re2 Nc3 37. Rc2 Ke5 38. a3 a5 39.
Ke1 Kd5 40. f3 Nb5 41. a4 Nd6 42. Kd2 Nf5 43. Kd3 Ne7 44. Re2 Kd6 45. f4 Kd7 46.
Kc4 Nf5 47. Kb5 Bc3 48. Rf2 Bb4 49. Rf1 Nd4+ 50. Kc4 Kd6 51. Rd1 f5 52. Rd3 Kc6 53. Re3 Kd7 54. Re5 Nc6 55. Rd5+ Ke6 56. Rd1 Nd4 57. Rd3 h6 58. Re3+ Kf6 59. Re8 g5 60. Rf8+ Kg7 61. Rd8 g4 62. Rd7+ Kg6 63. Rd6+ Kg7 64.
Rd7+ Kf6 65. Rd6+ Kg7 66. Rd7+ 1/2-1/2

[Event "Late-Titled-Tuesday-Blitz-April-02-2024"]
[Site "Chess.com"]
[Date "2024.04.02"]
[Round "3"]
[White "hell3raiser"]
[Black "dodorox"]
[Result "0-1"]
[WhiteElo "2368"]
[BlackElo "2206"]
[TimeControl "180+1"]
[EndTime "14:27:57 PDT"]
[Termination "dodorox won on time"]

1. e4 e6 2. d4 d5 3. Nd2 dxe4 4.
Nxe4 Nf6 5. Nxf6+ Qxf6 6. Bd3 c5 7. dxc5 Bxc5 8. Nf3 Nc6 9. Bg5 Qxb2 10. O-O h6 11. Rb1 Qxa2 12. Bd2 Qd5 13. Bc3 O-O 14. Qe2 Nd4 15. Bxd4 Bxd4 16. Be4 Qc5 17. Rb5 Qc3 18.
Rb3 Qc5 19. Rb5 Qc3 20. Rd1 Bf6 21. Rb3 Qc5 22. g4 e5 23. h3 Rb8 24. Bd3 Be6 25. Qe4 g6 26. Rb5 Qc7 27. Qe2 Rfe8 28. Rbb1 Bd5 29.
Be4 Bxe4 30. Qxe4 Qc6 31. Qe3 b5 32. h4 Kg7 33. g5 hxg5 34. hxg5 Bd8 35. Nxe5 Qe6 36. f4 Bb6 37. Kg2 Bxe3 38. Rh1 Bxf4 39. Nf3 Qg4+ 40. Kf2 Be3+ 41. Ke2 Bb6+ 42. Kd2 Qxf3 43.
Rbf1 Rbd8+ 44. Kc1 Qa3+ 45. Kb1 Re4 0-1

[Event "Late-Titled-Tuesday-Blitz-April-02-2024"]
[Site "Chess.com"]
[Date "2024.04.02"]
[Round "3"]
[White "APOKALIPSA13"]
[Black "RebelJohnny"]
[Result "0-1"]
[WhiteElo "2286"]
[BlackElo "2602"]
[TimeControl "180+1"]
[EndTime "14:27:58 PDT"]
[Termination "RebelJohnny won by resignation"]

1. e4 d6 2. Nf3 Nf6 3. Nc3 c6 4. d4 Bg4 5. Bc4 e6 6. h3 Bh5 7. g4 Bg6 8. g5 Nxe4 9. Nh4 Nxc3 10. bxc3 d5 11. Nxg6 hxg6 12. Bd3 c5 13. Qg4 Nc6 14. Rb1 Qd7 15. Bf4 cxd4 16. cxd4 Nb4 17. O-O Be7 18. Rxb4 Bxb4 19. Rb1 Qe7 20. Bb5+ Kf8 21. Bd3 a6 22. Qg3 Kg8 23. h4 b5 24. Rb3 Rc8 25. Be5 Rc6 26.
Kg2 Bd6 27. a4 bxa4 28. Bxd6 Qxd6 29. Rb8+ Kh7 30. Rxh8+ Kxh8 31. Qf3 Qe7 32. Qg4 Rc3 33. h5 Rxd3 34. hxg6 fxg6 35. cxd3 a3 36. Qh4+ Kg8 37. Qh1 a2 38. Qa1 Qxg5+ 39. Kf1 Qd2 40. Kg2 a5 41. Kf1 a4 42. Kg2 a3 43. Kg1 Qb2 44. Qf1 a1=Q 45.
Kh2 Qxf1 46. Kg3 Qbxf2+ 47. Kg4 Qf3+ 48. Kg5 Q1g2+ 0-1

[Event "Late-Titled-Tuesday-Blitz-April-02-2024"]
[Site "Chess.com"]
[Date "2024.04.02"]
[Round "3"]
[White "NovakRatko"]
[Black "PhileKhoob"]
[Result "1-0"]
[WhiteElo "2438"]
[BlackElo "2267"]
[TimeControl "180+1"]
[EndTime "14:27:58 PDT"]
[Termination "NovakRatko won on time"]

1. d4 d5 2. c4 c6 3. cxd5 cxd5 4. Nc3 Nf6 5. f3 Bf5 6. Bg5 Nc6 7. e4 dxe4 8. Bxf6 gxf6 9. fxe4 Bd7 10. Nf3 Bh6 11.
Bc4 O-O 12. O-O Kh8 13. Qe2 Rc8 14. Rad1 e6 15. Kh1 Rg8 16. Nb5 Qe7 17. e5 f5 18.
Nd6 Rc7 19. d5 Nd8 20. b4 a6 21. Bb3 Bf8 22. a4 exd5 23. Bxd5 Ne6 24. Nxf5 Qxb4 25. Nd6 Rg7 26. Nh4 Qxh4 27. Nxf7+ Kg8 28. g3 Qh3 29. Nd6 Qh6 30. Nf5 Qg5 31. Nxg7 Qxg7 32.
Ba2 Kh8 33. Rxd7 Qxd7 34. Bxe6 Qxe6 35. Rxf8+ Kg7 36. Rf6 Qd5+ 37. Kg1 Rc1+ 38. Kf2 Qd4+ 39. Kg2 Qd5+ 40. Kh3 Qd6 41. Qg4+ 1-0

[Event "Late-Titled-Tuesday-Blitz-April-02-2024"]
[Site "Chess.com"]
[Date "2024.04.02"]
[Round "3"]
[White "Cambek64"]
[Black "chenxiaoyuer"]
[Result "1-0"]
[WhiteElo "2517"]
[BlackElo "2736"]
[TimeControl "180+1"]
[EndTime "14:28:00 PDT"]
[Termination "Cambek64 won by checkmate"]

1. Nc3 d5 2. e4 d4 3. Nce2 c5 4. Ng3 Nc6 5. f4 g6 6. Nf3 Bg7 7. Bc4 Na5 8. Bb5+ Bd7 9. Bxd7+ Qxd7 10. d3 O-O-O 11. O-O h5 12. Bd2 Nc6 13. Ne2 e5 14.
fxe5 Nxe5 15. Nxe5 Bxe5 16. Bf4 Bxf4 17. Nxf4 Ne7 18.
Qf3 g5 19. Nd5 Nxd5 20. exd5 Rhf8 21. Qxh5 Qxd5 22. Qg4+ f5 23. Qxg5 Kb8 24. Rf2 c4 25. dxc4 Qxc4 26. b3 Qc5 27. Raf1 d3 28. cxd3 Rxd3 29.
h3 a6 30. Kh2 Qc3 31. Rxf5 Rc8 32. Rf8 Rxf8 33. Rxf8+ Ka7 34. Rf2 Rd4 35. Qg3 Rd3 36.
Qf4 Rd4 37. Qf3 Rd3 38. Qg4 Rd4 39. Qg3 Qc1 40. Re2 Qc5 41. Qe3 Ka8 42. Rd2 Qd6+ 43. Qg3 Rxd2 44. Qxd6 Rxd6 45. g4 Rd2+ 46. Kg3 Rxa2 47.
h4 Rb2 48. h5 Rxb3+ 49. Kh4 a5 50. h6 a4 51. g5 Rb1 52. g6 a3 53. g7 Rg1 54. h7 a2 55. g8=Q+ Ka7 56. Qxa2+ Kb6 57. Qb2+ Kc6 58. h8=Q Rh1+ 59. Kg3 Rxh8 60. Qxh8 b5 61. Kf3 b4 62. Ke3 b3 63. Kd3 b2 64.
Kc2 b1=Q+ 65. Kxb1 Kb5 66. Qd4 Kc6 67. Qe5 Kb7 68.
Qd6 Ka8 69. Qd7 Kb8 70. Kb2 Ka8 71. Kb3 Kb8 72. Kb4 Ka8 73. Kb5 Kb8 74. Kb6 Ka8 75. Qb7# 1-0